[Event "FIDE World Rapid-ch Open 2018"]
[White "Bocharov, Dmitry"]
[Black "Petrov, Nikita"]
[Site "St. Petersburg"]
[Round "15.38"]
[Annotator "ChessBase"]
[Result "1-0"]
[Date "2018.12.28"]
[WhiteElo "2533"]
[BlackElo "2593"]
[PlyCount "67"]
[TimeControl "900+10"]

1. Nf3 d5 2. g3 g6 3. Bg2 Bg7 4. c4 dxc4 5. Qa4+ Nc6 6. Qxc4 e5 7. 0-0 Nge7 8. d3 Be6 9. Qc2 0-0 10. a3 a5 11. Nc3 Nd4 12. Nxd4 exd4 13. Ne4 Bd5 14. Bf4 c6 15. b4 h6 16. bxa5 Rxa5 17. Rfb1 b6 18. Bd6 Re8 19. a4 c5 20. Bf4 g5 21. Bd2 Ra7 22. Be1 f5 23. Nd2 Bxg2 24. Kxg2 Nd5 25. Nc4 f4 26. Qb3 Rf7 27. Nxb6 Nxb6 28. Qxb6 Qd5+ 29. Kg1 Rxe2 30. a5 Qf5 31. a6 fxg3 32. Qb8+ Kh7 33. Qxg3 Re3 34. Qg2 1-0

[Event "FIDE World Rapid-ch Open 2018"]
[White "Bindrich, Falko"]
[Black "Dreev, Aleksey"]
[Site "St. Petersburg"]
[Round "15.39"]
[Annotator "ChessBase"]
[Result "0-1"]
[Date "2018.12.28"]
[WhiteElo "2606"]
[BlackElo "2670"]
[PlyCount "64"]
[TimeControl "900+10"]

1. d4 d5 2. c4 c6 3. Nf3 Nf6 4. e3 Bf5 5. Nc3 a6 6. Be2 h6 7. Bd3 Bxd3 8. Qxd3 e6 9. 0-0 Bb4 10. Bd2 0-0 11. Rfd1 Ba5 12. Rab1 Nbd7 13. b4 Bc7 14. e4 Nb6 15. c5 Nc4 16. Be1 Nh5 17. g3 Qf6 18. Nd2 Nxd2 19. Bxd2 Qg6 20. Qf3 dxe4 21. Nxe4 f5 22. Nc3 f4 23. Qe4 Rf5 24. Re1 Re8 25. Ne2 f3 26. Rb3 Nf6 27. Qd3 fxe2 28. Qxe2 e5 29. Re3 Ng4 30. Re4 Nxf2 31. Rh4 e4 32. Be3 Bxg3 0-1

[Event "FIDE World Rapid-ch Open 2018"]
[White "Jumabayev, Rinat"]
[Black "Timofeev, Artyom"]
[Site "St. Petersburg"]
[Round "15.40"]
[Annotator "ChessBase"]
[Result "1/2-1/2"]
[Date "2018.12.28"]
[WhiteElo "2602"]
[BlackElo "2589"]
[PlyCount "81"]
[TimeControl "900+10"]

1. Nf3 d5 2. g3 Nf6 3. Bg2 g6 4. c4 c6 5. d4 Bg7 6. 0-0 dxc4 7. a4 0-0 8. Na3 Be6 9. Ng5 Bd5 10. e4 h6 11. exd5 hxg5 12. dxc6 Nxc6 13. d5 Na5 14. Bxg5 Qb6 15. Qe2 Rac8 16. Nb5 a6 17. Nc3 Qb4 18. Rfe1 Rfe8 19. Rad1 b5 20. axb5 axb5 21. h4 Nb7 22. h5 gxh5 23. Ne4 Nd6 24. Bxf6 exf6 25. Qxh5 f5 26. Nxd6 Qxd6 27. Bh3 Rxe1+ 28. Rxe1 Qxd5 29. Bxf5 Kf8 30. Rd1 Qe5 31. Rd7 Qe1+ 32. Kg2 Qe8 33. Qd1 Bf6 34. Qd5 Rd8 35. Qxb5 Rxd7 36. Bxd7 Qe4+ 37. Kh2 Qc2 38. Qc5+ Kg7 39. Bb5 Qh7+ 40. Kg2 Qe4+ 41. Kh2 1/2-1/2

[Event "FIDE World Rapid-ch Open 2018"]
[White "Moiseenko, Vadim"]
[Black "Jones, Gawain C B"]
[Site "St. Petersburg"]
[Round "15.41"]
[Annotator "ChessBase"]
[Result "0-1"]
[Date "2018.12.28"]
[WhiteElo "2501"]
[BlackElo "2682"]
[PlyCount "64"]
[TimeControl "900+10"]

1. e4 c5 2. Nf3 d6 3. d4 cxd4 4. Nxd4 Nf6 5. Nc3 g6 6. Be3 Bg7 7. f3 Nc6 8. Qd2 0-0 9. 0-0-0 d5 10. Qe1 e5 11. Nxc6 bxc6 12. exd5 Nxd5 13. Bc5 Bh6+ 14. Kb1 Nxc3+ 15. bxc3 Rb8+ 16. Ka1 Qa5 17. Bb4 Qb6 18. Rb1 Rd8 19. Bc4 Bf5 20. Qh4 c5 21. Ba3 Qa5 22. Rxb8 Rxb8 23. Bb2 Rxb2 24. Kxb2 Bd2 25. Bb3 Qxc3+ 26. Ka3 Be6 27. Rd1 g5 28. Qe4 c4 29. Rxd2 cxb3 30. Rd3 bxa2+ 31. Rxc3 a1=Q+ 32. Kb4 a5+ 0-1

[Event "FIDE World Rapid-ch Open 2018"]
[White "Potkin, Vladimir"]
[Black "Steinberg, Nitzan"]
[Site "St. Petersburg"]
[Round "15.42"]
[Annotator "ChessBase"]
[Result "1-0"]
[Date "2018.12.28"]
[WhiteElo "2597"]
[BlackElo "2532"]
[PlyCount "77"]
[TimeControl "900+10"]

1. Nf3 d5 2. e3 c5 3. b3 Nf6 4. Bb2 Nc6 5. Bb5 Bg4 6. h3 Bxf3 7. Bxc6+ bxc6 8. Qxf3 e6 9. d3 Be7 10. Nd2 0-0 11. 0-0 Nd7 12. e4 f5 13. exf5 exf5 14. Rae1 Bf6 15. Bxf6 Qxf6 16. Qf4 g5 17. Qc7 Rf7 18. Nf3 g4 19. hxg4 fxg4 20. Qg3 Raf8 21. Ne5 Nxe5 22. Rxe5 Qf4 23. Qxf4 Rxf4 24. Rg5+ Kh8 25. g3 h6 26. gxf4 hxg5 27. fxg5 Kg7 28. Re1 c4 29. dxc4 dxc4 30. Re4 g3 31. f4 cxb3 32. axb3 Rd8 33. Kg2 Rd2+ 34. Kxg3 Rxc2 35. Kg4 a5 36. Re7+ Kf8 37. Ra7 Rb2 38. f5 Rxb3 39. g6 1-0

[Event "FIDE World Rapid-ch Open 2018"]
[White "Yuffa, Daniil"]
[Black "Adly, Ahmed"]
[Site "St. Petersburg"]
[Round "15.43"]
[Annotator "ChessBase"]
[Result "0-1"]
[Date "2018.12.28"]
[WhiteElo "2572"]
[BlackElo "2626"]
[PlyCount "112"]
[TimeControl "900+10"]

1. d4 d5 2. c4 c6 3. Nc3 Nf6 4. Nf3 e6 5. Bg5 Nbd7 6. e3 Qa5 7. Nd2 Bb4 8. Qc2 Ne4 9. Ndxe4 dxe4 10. Bf4 e5 11. Bg3 0-0 12. a3 exd4 13. exd4 f5 14. Bf4 Nb6 15. Rc1 Bxc3+ 16. Qxc3 Qxc3+ 17. Rxc3 Be6 18. Kd2 Rad8 19. Ke3 c5 20. d5 Bxd5 21. Bc7 Bc6 22. Bxd8 f4+ 23. Kd2 Rxd8+ 24. Kc1 Nd7 25. Be2 a5 26. Rd1 Re8 27. g3 e3 28. fxe3 fxg3 29. hxg3 Ne5 30. b3 Be4 31. Kd2 Re6 32. Rf1 g5 33. Ke1 Rh6 34. Rc1 Rb6 35. Rd1 Rxb3 36. Rf6 Rxe3 37. Kf2 Rxa3 38. Rdd6 Bg6 39. Rfe6 Nc6 40. Rd7 Rb3 41. Rc7 Rb2 42. Rd6 Bh5 43. Rc8+ Kf7 44. Rc7+ Ke8 45. Re6+ Kd8 46. Rxh7 Bg4 47. Re4 Bf5 48. Rh8+ Kc7 49. Ree8 Nd4 50. Ke1 a4 51. Bd1 a3 52. Ra8 a2 53. Rhf8 Bc2 54. Rf7+ Kd6 55. Rf6+ Ke5 56. Rf2 Rb1 0-1

[Event "FIDE World Rapid-ch Open 2018"]
[White "Carlsson, Pontus"]
[Black "Amin, Bassem"]
[Site "St. Petersburg"]
[Round "15.44"]
[Annotator "RC"]
[Result "1/2-1/2"]
[Date "2018.12.28"]
[WhiteElo "2463"]
[BlackElo "2710"]
[PlyCount "194"]
[TimeControl "900+10"]

1. e4 e5 2. Nf3 Nc6 3. d4 exd4 4. Nxd4 Nf6 5. Nc3 Bb4 6. Nxc6 bxc6 7. Bd3 d5 8. exd5 Qe7+ 9. Qe2 Qxe2+ 10. Kxe2 cxd5 11. Bf4 c6 12. a3 Be7 13. Rhe1 0-0 14. Kf1 Be6 15. Bg5 h6 16. Bh4 g5 17. Bg3 Nh5 18. Be5 a5 19. Na4 c5 20. Nb6 Ra7 21. c4 d4 22. Nd5 Bxd5 23. cxd5 Rd8 24. Bc4 Kf8 25. a4 Bd6 26. Rac1 Rc7 27. Bb5 Nf4 28. Bf6 Rb8 29. Be5 Rd8 30. Bf6 Rdc8 31. Bc4 Nh5 32. Be5 Bxe5 33. Rxe5 Re7 34. Rce1 Rce8 35. Rxe7 Rxe7 36. Rc1 Nf6 37. Bb5 Nxd5 38. Rxc5 Nb4 39. Rc8+ Kg7 40. g3 d3 41. Rd8 Re2 42. Rxd3 Rxb2 43. Rd7 Rb1+ 44. Ke2 Rb2+ 45. Kf3 Kg6 46. Rd6+ f6 47. g4 Nc2 48. Bd3+ Kf7 49. Bc4+ Kg7 50. Rd7+ Kh8 51. Rd8+ Kg7 52. Rd7+ Kh8 53. Rd8+ Kg7 54. Rd7+ Kh8 55. Rd8+ Kg7 56. Rd7+ Kh8 57. Ke4 Rb4 58. Kd5 Rxa4 59. Rc7 Na3 60. Rc8+ Kg7 61. Rc7+ Kf8 62. Bd3 Rxg4 63. Rc3 Rf4 64. Rxa3 Rxf2 65. Rxa5 Rd2 66. Ke4 Rxh2 67. Kf5 Rf2+ 68. Ke6 h5 69. Bf5 g4 70. Kxf6 Re2 71. Be6 Rf2+ 72. Bf5 Re2 73. Ra3 Re1 74. Kg6 Re5 75. Kf6 Re1 76. Rb3 Re2 77. Rc3 Re1 78. Rc8+ Re8 79. Rc3 Re1 80. Rb3 Re2 81. Kg5 Re5 82. Kf4 Rc5 83. Rb8+ Kg7 84. Rb7+ Kf6 85. Rb6+ Kf7 86. Rh6 Rc4+ 87. Be4 Rc5 88. Bf5 Rc4+ 89. Kg3 Rc3+ 90. Kg2 Rh3 91. Ra6 Kg7 92. Be4 Re3 93. Bf5 h4 94. Rg6+ Kf7 95. Rh6 Rg3+ 96. Kh2 Rh3+ 97. Kg2 Rg3+ 1/2-1/2

[Event "FIDE World Rapid-ch Open 2018"]
[White "Vallejo Pons, Francisco"]
[Black "Abdusattorov, Nodirbek"]
[Site "St. Petersburg"]
[Round "15.45"]
[Annotator "RC"]
[Result "1/2-1/2"]
[Date "2018.12.28"]
[WhiteElo "2695"]
[BlackElo "2546"]
[PlyCount "126"]
[TimeControl "900+10"]

1. d4 Nf6 2. c4 e6 3. Nc3 Bb4 4. Qc2 0-0 5. e4 d6 6. e5 Nfd7 7. Nf3 Nc6 8. exd6 cxd6 9. Bd3 h6 10. 0-0 Ba5 11. a3 Bb6 12. Rd1 e5 13. dxe5 Ndxe5 14. Nxe5 Nxe5 15. Bf4 Ng4 16. Rd2 Be6 17. h3 Qf6 18. Bxd6 Nxf2 19. Rxf2 Bxc4 20. Bh7+ Kh8 21. Bxf8 Rxf8 22. Be4 Qh4 23. Bd5 Bd3 24. Qxd3 Qxf2+ 25. Kh1 Qxb2 26. Rf1 Qxa3 27. Qc4 Qd6 28. Rxf7 Rxf7 29. Bxf7 Bc7 30. Kg1 Bb6+ 31. Kf1 Qf6+ 32. Ke2 Qf2+ 33. Kd1 Qg1+ 34. Kc2 Qxg2+ 35. Kb3 Qc6 36. Qf4 Qc7 37. Qf5 Qd8 38. Bc4 Bd4 39. Nd5 b5 40. Bd3 g6 41. Qe6 a5 42. Bxb5 Bg7 43. Ka4 Kh7 44. Be8 Qh4+ 45. Kxa5 Qg5 46. Ka6 h5 47. Kb7 Qg2 48. Kc8 Qc2+ 49. Kd8 Qd3 50. Bf7 Kh6 51. Kc8 Kg5 52. Qe7+ Kh6 53. Be6 Qa6+ 54. Kd7 Qb5+ 55. Kd8 Qb8+ 56. Bc8 Qe5 57. Qxe5 Bxe5 58. Ke7 g5 59. Ke6 Bg3 60. Ne7 Be1 61. Kf7 g4 62. hxg4 hxg4 63. Bxg4 Kg5 1/2-1/2

[Event "FIDE World Rapid-ch Open 2018"]
[White "Bazeev, German"]
[Black "Shaposhnikov, Evgeny"]
[Site "St. Petersburg"]
[Round "15.46"]
[Annotator "ChessBase"]
[Result "1-0"]
[Date "2018.12.28"]
[WhiteElo "2416"]
[BlackElo "2576"]
[PlyCount "107"]
[TimeControl "900+10"]

1. d4 Nf6 2. Nf3 e6 3. c4 b6 4. Nc3 Bb7 5. Bg5 Bb4 6. Nd2 h6 7. Bh4 Nc6 8. e3 Ne7 9. Bxf6 gxf6 10. Rc1 Rg8 11. e4 f5 12. d5 fxe4 13. Ndxe4 Ng6 14. a3 Bxc3+ 15. Nxc3 Qe7 16. Be2 0-0-0 17. g3 f5 18. 0-0 f4 19. Bf3 fxg3 20. fxg3 Ne5 21. Qd4 Qg7 22. Qh4 Rdf8 23. Be2 Ng6 24. Rxf8+ Rxf8 25. Qe4 Nf4 26. Rf1 Nxe2+ 27. Qxe2 Qd4+ 28. Kg2 Rxf1 29. Qxf1 Ba6 30. Qf8+ Kb7 31. Qf3 Kb8 32. Qf8+ Kb7 33. dxe6 dxe6 34. Qxh6 Bxc4 35. Qf4 Qxf4 36. gxf4 Bd3 37. Kf3 Kc6 38. Ke3 Bf5 39. Kd4 a6 40. h4 Kd6 41. Ne4+ Ke7 42. Ke5 Bg4 43. Nf6 Bf5 44. Ng8+ Kf8 45. Nh6 Bh3 46. Kf6 c5 47. Nf7 c4 48. Ng5 Bg4 49. Nxe6+ Kg8 50. Nc7 a5 51. Ke5 Kf7 52. f5 Be2 53. Nd5 b5 54. Nc3 1-0

[Event "FIDE World Rapid-ch Open 2018"]
[White "Vokhidov, Shamsiddin"]
[Black "Demidov, Mikhail"]
[Site "St. Petersburg"]
[Round "15.47"]
[Annotator "ChessBase"]
[Result "1-0"]
[Date "2018.12.28"]
[WhiteElo "2480"]
[BlackElo "2520"]
[PlyCount "101"]
[TimeControl "900+10"]

1. e4 e6 2. d4 d5 3. Nd2 dxe4 4. Nxe4 Bd7 5. Nf3 Bc6 6. Bd3 Nd7 7. c3 Bxe4 8. Bxe4 c6 9. Bf4 Ngf6 10. Bc2 g6 11. a4 a5 12. Qe2 Bg7 13. 0-0 0-0 14. h3 Re8 15. Rfe1 Nd5 16. Bh2 Bh6 17. Ne5 Nxe5 18. Bxe5 Bg7 19. Bg3 Qd7 20. Rad1 Rad8 21. Qf3 Bf8 22. h4 h5 23. Be5 Bg7 24. g4 hxg4 25. Qxg4 f5 26. Qxg6 Qf7 27. Qg5 Kh7 28. Kh2 Bxe5+ 29. Rxe5 Rg8 30. Rxf5 Rxg5 31. Rxf7+ Kg8 32. Rxb7 Rg7 33. Rg1 Rxg1 34. Kxg1 Rf8 35. h5 Rf6 36. Be4 Nf4 37. Bxc6 Nxh5 38. Be4 Nf4 39. f3 Rh6 40. b4 Rh5 41. Kf2 axb4 42. cxb4 Rh1 43. b5 Ra1 44. b6 Ra2+ 45. Ke3 Ng2+ 46. Kd3 Nf4+ 47. Kc3 Ne2+ 48. Kb3 Nc1+ 49. Kb4 Rb2+ 50. Kc3 Ra2 51. Rc7 1-0

[Event "FIDE World Rapid-ch Open 2018"]
[White "Tang, Andrew"]
[Black "Sjugirov, Sanan"]
[Site "St. Petersburg"]
[Round "15.48"]
[Annotator "ChessBase"]
[Result "1-0"]
[Date "2018.12.28"]
[WhiteElo "2487"]
[BlackElo "2663"]
[PlyCount "125"]
[TimeControl "900+10"]

1. d4 Nf6 2. c4 g6 3. f3 c5 4. d5 d6 5. e4 Bg7 6. Nc3 0-0 7. Nge2 e6 8. Ng3 exd5 9. cxd5 a6 10. a4 h5 11. Bg5 Qe8 12. Qd2 Nbd7 13. Be2 Nh7 14. Bh6 Bxh6 15. Qxh6 Qe5 16. f4 Qg7 17. Qxg7+ Kxg7 18. Nf1 Nhf6 19. Nd2 Rb8 20. Nc4 Ne8 21. a5 b5 22. axb6 Nxb6 23. Na5 Nc7 24. 0-0 Bd7 25. Nc6 Ra8 26. Rfd1 Rfe8 27. Bf3 f6 28. Kf2 h4 29. g3 hxg3+ 30. hxg3 g5 31. b3 Rh8 32. Bg2 Rae8 33. f5 Ra8 34. Ra2 Nc8 35. Na5 Rb8 36. Kg1 Rb4 37. Bf1 Kf8 38. Rda1 Ke8 39. Ra3 Na7 40. Bxa6 Ke7 41. Bc4 Rhb8 42. Kf2 Kf8 43. Nb7 Nc8 44. Nd8 Nb6 45. Ne6+ Bxe6 46. dxe6 Nxc4 47. bxc4 Rxc4 48. Rh1 Kg8 49. Rh6 Ne8 50. Rg6+ Kh8 51. Ke2 d5 52. Ra1 Rb2+ 53. Kd3 Rh2 54. Ra8 Rd4+ 55. Ke3 Rhd2 56. Rxe8+ Kh7 57. Re7+ Kh8 58. Rh6+ Kg8 59. Ne2 R2d3+ 60. Kf2 Rxe4 61. Rg6+ Kh8 62. Rxf6 Kg8 63. Re8+ 1-0

[Event "FIDE World Rapid-ch Open 2018"]
[White "Kryakvin, Dmitry"]
[Black "Najer, Evgeniy"]
[Site "St. Petersburg"]
[Round "15.49"]
[Annotator "ChessBase"]
[Result "0-1"]
[Date "2018.12.28"]
[WhiteElo "2588"]
[BlackElo "2670"]
[PlyCount "70"]
[TimeControl "900+10"]

1. d4 f5 2. Bf4 Nf6 3. e3 g6 4. h4 Bg7 5. h5 d6 6. hxg6 hxg6 7. Rxh8+ Bxh8 8. Bc4 Nc6 9. Nc3 e6 10. Nf3 Qe7 11. d5 Nd8 12. Qd2 e5 13. Bg5 Nf7 14. 0-0-0 Bd7 15. Nb5 Bxb5 16. Bxb5+ Kf8 17. Rh1 Nxg5 18. Nxg5 Kg8 19. Rh6 Qg7 20. Rh3 a6 21. Be2 Rc8 22. Qb4 c5 23. dxc6 Rxc6 24. Qb3+ d5 25. e4 fxe4 26. Nxe4 Qf7 27. Ng5 Qd7 28. Qg3 Qf5 29. c3 Bg7 30. Bd1 b5 31. Bc2 e4 32. Bb3 b4 33. Rh4 bxc3 34. Rf4 cxb2+ 35. Kxb2 Nh5+ 0-1

[Event "FIDE World Rapid-ch Open 2018"]
[White "Ghaem Maghami, Ehsan"]
[Black "Esipenko, Andrey"]
[Site "St. Petersburg"]
[Round "15.50"]
[Annotator "ChessBase"]
[Result "1-0"]
[Date "2018.12.28"]
[WhiteElo "2537"]
[BlackElo "2593"]
[PlyCount "149"]
[TimeControl "900+10"]

1. e4 e5 2. Nf3 Nc6 3. Bc4 Bc5 4. 0-0 Nf6 5. d3 0-0 6. c3 a6 7. a4 d6 8. Re1 Ba7 9. Nbd2 Re8 10. Nf1 Be6 11. Bg5 h6 12. Bh4 Bxc4 13. dxc4 Nb8 14. N3d2 Nbd7 15. Qf3 Qe7 16. Ne3 Bxe3 17. Qxe3 a5 18. f3 Qe6 19. Bf2 Nh5 20. g3 Kh7 21. Qd3 Rf8 22. b4 Nhf6 23. Nf1 Rfc8 24. Ne3 Qe8 25. Nd5 Kg8 26. Reb1 b6 27. Rd1 Nxd5 28. cxd5 Nf8 29. Qb5 Qxb5 30. axb5 axb4 31. cxb4 Rxa1 32. Rxa1 Ng6 33. Ra7 Kf8 34. Kf1 Ke8 35. Ke2 Kd8 36. Kd3 Rb8 37. Be3 Ne7 38. g4 Ng6 39. Ke2 Nh4 40. Bf2 Ng6 41. Be3 Kd7 42. Kf2 Ne7 43. Ke2 Ng8 44. Kf2 Nf6 45. h3 Nh7 46. h4 Nf6 47. h5 Ng8 48. Kg3 Ne7 49. f4 f6 50. Ra2 Nc8 51. Kf3 Rb7 52. g5 hxg5 53. fxg5 fxg5 54. Kg4 Ke7 55. Rf2 Ra7 56. Bxg5+ Ke8 57. Kf5 Kf7 58. Rc2 Rb7 59. Bd8 Na7 60. Rxc7+ Rxc7 61. Bxc7 Nxb5 62. Bxb6 Nc3 63. Be3 Nb5 64. Kg4 Nc3 65. Kf3 Ke7 66. Bd2 Nb5 67. Ke2 Nd4+ 68. Ke3 Kd7 69. Bc3 Nb5 70. Kd3 Kc7 71. Bb2 Kb6 72. Kc4 Nc7 73. Bc1 Kb7 74. Bg5 Kc8 75. Bf6 1-0

[Event "FIDE World Rapid-ch Open 2018"]
[White "Salgado Lopez, Ivan"]
[Black "Vastrukhin, Oleg"]
[Site "St. Petersburg"]
[Round "15.52"]
[Annotator "ChessBase"]
[Result "1/2-1/2"]
[Date "2018.12.28"]
[WhiteElo "2629"]
[BlackElo "2413"]
[PlyCount "138"]
[TimeControl "900+10"]

1. e4 e6 2. d4 d5 3. Nc3 Bb4 4. Nge2 dxe4 5. a3 Bxc3+ 6. Nxc3 Nc6 7. Bf4 Nge7 8. Nxe4 0-0 9. Bd3 Ng6 10. Qh5 Qd5 11. Ng3 Qxh5 12. Nxh5 Nxf4 13. Nxf4 Nxd4 14. 0-0-0 e5 15. Nd5 c6 16. Ne7+ Kh8 17. Rhe1 f6 18. Nxc8 Raxc8 19. f4 Rce8 20. Bc4 b5 21. Ba2 a5 22. Re4 Nf5 23. fxe5 Rxe5 24. Rxe5 fxe5 25. Rf1 Rf6 26. Re1 Nh4 27. Rxe5 g6 28. Re2 Rf1+ 29. Kd2 Rh1 30. Be6 Rxh2 31. Bd7 c5 32. Bc6 b4 33. Kd3 Nf5 34. Re5 Nh4 35. Rxc5 bxa3 36. bxa3 Nxg2 37. c4 Ne1+ 38. Kc3 Rh3+ 39. Kd2 Nf3+ 40. Bxf3 Rxf3 41. Rxa5 h5 42. c5 Rf5 43. Ra8+ Kg7 44. c6 Rc5 45. Rc8 h4 46. Ke2 h3 47. Kf2 Rc2+ 48. Kg1 g5 49. Rd8 Rxc6 50. Kh2 g4 51. Rd4 Rc2+ 52. Kh1 Rg2 53. a4 Kf6 54. a5 g3 55. Rh4 Rh2+ 56. Kg1 Kg5 57. Rh8 Kf4 58. Rf8+ Ke4 59. Re8+ Kd5 60. Rg8 Rg2+ 61. Kh1 Kc6 62. a6 Kb6 63. Rg6+ Ka7 64. Rh6 Rh2+ 65. Kg1 Rg2+ 66. Kh1 Ra2 67. Rxh3 Rh2+ 68. Rxh2 gxh2 69. Kxh2 Kxa6 1/2-1/2

[Event "FIDE World Rapid-ch Open 2018"]
[White "Roiz, Michael"]
[Black "Bilguun, Sumiya"]
[Site "St. Petersburg"]
[Round "15.53"]
[Annotator "ChessBase"]
[Result "1/2-1/2"]
[Date "2018.12.28"]
[WhiteElo "2605"]
[BlackElo "2497"]
[PlyCount "83"]
[TimeControl "900+10"]

1. Nf3 d5 2. d4 e6 3. g3 c5 4. Bg2 cxd4 5. 0-0 Nf6 6. Nxd4 Be7 7. c4 0-0 8. cxd5 exd5 9. Nc3 Nc6 10. b3 a6 11. Bb2 Bc5 12. Nxc6 bxc6 13. Rc1 Bd6 14. e4 Bg4 15. Qd2 Bb4 16. a3 Bxc3 17. Qxc3 Rc8 18. exd5 cxd5 19. Qd3 Qd6 20. b4 Be6 21. Rfd1 Bg4 22. Re1 Be6 23. Bd4 Rfe8 24. Bf1 Ra8 25. Be5 Qb6 26. Bd4 Qd6 27. Be5 Qf8 28. Bxf6 gxf6 29. Qd4 Kg7 30. Rc6 a5 31. bxa5 Rxa5 32. a4 Rea8 33. Bb5 Rc8 34. Rxc8 Qxc8 35. h4 Qc7 36. Qd2 Ra8 37. Rc1 Qe5 38. Re1 Qc7 39. Rc1 Qe5 40. Re1 Qc7 41. Ra1 Qe5 42. Re1 1/2-1/2

[Event "FIDE World Rapid-ch Open 2018"]
[White "Nihal Sarin"]
[Black "Smirin, Ilia"]
[Site "St. Petersburg"]
[Round "15.54"]
[Annotator "ChessBase"]
[Result "0-1"]
[Date "2018.12.28"]
[WhiteElo "2576"]
[BlackElo "2609"]
[PlyCount "68"]
[TimeControl "900+10"]

1. e4 g6 2. d4 Bg7 3. Nc3 d6 4. Be3 a6 5. Nf3 Nf6 6. h3 0-0 7. a4 d5 8. e5 Ne4 9. Nxe4 dxe4 10. Nd2 c5 11. dxc5 Bxe5 12. c3 f5 13. Qb3+ Kg7 14. Nc4 Be6 15. Qxb7 Bd5 16. Qb3 f4 17. Bd4 Nc6 18. Rd1 Nxd4 19. cxd4 Bc7 20. Qc2 e3 21. f3 e5 22. h4 e4 23. fxe4 f3 24. Nxe3 Bg3+ 25. Kd2 fxg2 26. Nxg2 Rf2+ 27. Be2 Rxg2 28. Kc1 Qe7 29. exd5 Rxe2 30. Qc3 Bf4+ 31. Kb1 Rb8 32. d6 Qb7 33. Ka1 Qxb2+ 34. Qxb2 Rbxb2 0-1

[Event "FIDE World Rapid-ch Open 2018"]
[White "Potapov, Pavel"]
[Black "Bosiocic, Marin"]
[Site "St. Petersburg"]
[Round "15.55"]
[Annotator "ChessBase"]
[Result "1/2-1/2"]
[Date "2018.12.28"]
[WhiteElo "2516"]
[BlackElo "2599"]
[PlyCount "84"]
[TimeControl "900+10"]

1. e4 e5 2. Nf3 Nc6 3. Nc3 Nf6 4. d4 exd4 5. Nxd4 Bb4 6. Nxc6 bxc6 7. Bd3 0-0 8. 0-0 Re8 9. Qf3 Rb8 10. Bg5 Bd6 11. Rab1 Be5 12. Bf4 Qe7 13. Bxe5 Qxe5 14. Qg3 Qxg3 15. hxg3 d5 16. exd5 cxd5 17. b3 Bd7 18. Rfe1 Re6 19. f3 h5 20. Kf2 c5 21. Ne2 Reb6 22. c3 a5 23. Bc2 Kf8 24. Nf4 c4 25. Rbd1 cxb3 26. axb3 a4 27. bxa4 Rb2 28. Re2 Rxc2 29. Rxc2 Bxa4 30. Rcd2 Bxd1 31. Rxd1 Rb5 32. Ke3 g6 33. Rd2 Kg7 34. Kd4 g5 35. Nd3 Rb8 36. Rb2 Rc8 37. Ne5 Rc7 38. Rb6 Ng8 39. Nc6 Rd7 40. Ne5 Rc7 41. Nc6 Rd7 42. Ne5 Rc7 {[%emt 0:0:1] Ke4} 1/2-1/2

[Event "FIDE World Rapid-ch Open 2018"]
[White "Tukhaev, Adam"]
[Black "Van Foreest, Jorden"]
[Site "St. Petersburg"]
[Round "15.56"]
[Annotator "ChessBase"]
[Result "1-0"]
[Date "2018.12.28"]
[WhiteElo "2527"]
[BlackElo "2614"]
[PlyCount "215"]
[TimeControl "900+10"]

1. e4 c5 2. Nf3 d6 3. d4 cxd4 4. Nxd4 Nf6 5. Nc3 a6 6. h3 g6 7. g4 Nc6 8. Be3 Nxd4 9. Bxd4 Bh6 10. Qe2 0-0 11. Bg2 e5 12. Be3 Bxe3 13. Qxe3 b5 14. 0-0 Be6 15. a3 Qc7 16. Rad1 Nd7 17. Qd2 Nb6 18. Qxd6 Qxd6 19. Rxd6 Nc4 20. Rc6 Nxb2 21. Rb1 Nc4 22. a4 Na3 23. Rb2 Nc4 24. Rb4 bxa4 25. Nd5 Na3 26. Rxa4 Nb5 27. c4 Nd4 28. Rcxa6 Rab8 29. Rb6 Kg7 30. c5 Rbc8 31. Rc4 Bd7 32. Kh2 Ra8 33. c6 Nxc6 34. Rbxc6 Bxc6 35. Rxc6 Rfc8 36. Rxc8 Rxc8 37. g5 h6 38. h4 hxg5 39. hxg5 Rh8+ 40. Kg3 Rh5 41. Kg4 Rh2 42. Ne3 Kf8 43. Kg3 Rh5 44. Kg4 Rh2 45. f3 Ke7 46. Kg3 Rh5 47. Kg4 Rh2 48. Bf1 Rh1 49. Kg3 Rh5 50. Nd5+ Kd6 51. Kg4 Rh1 52. Bg2 Rh2 53. Ne3 Ke7 54. Bh3 Rh1 55. Nc4 f6 56. gxf6+ Kxf6 57. Ne3 Rb1 58. Nd5+ Kg7 59. Kg5 Rc1 60. Bg4 Rc6 61. Bh3 Kf7 62. Ne3 Rc1 63. Bf1 Kg7 64. Bg2 Re1 65. Ng4 Rg1 66. Bh3 Rg3 67. Bf1 Rxf3 68. Bc4 Rg3 69. Kh4 Rg1 70. Nxe5 Rh1+ 71. Kg4 Kf6 72. Nf3 Rh5 73. Kf4 Ke7 74. e5 Rh1 75. Bd3 Kf7 76. Ng5+ Kg7 77. Ne4 Rd1 78. Bc4 Rc1 79. Be2 Re1 80. Bg4 Kf7 81. Ng5+ Ke7 82. Nf3 Ra1 83. Ke4 Rd1 84. Nd4 Rg1 85. Nc6+ Kf7 86. Bc8 Rd1 87. Nd4 Rc1 88. Be6+ Ke7 89. Kd5 Rd1 90. Bg4 Rd2 91. Kc5 Rd3 92. Nc6+ Kf7 93. Be2 Re3 94. Bc4+ Kg7 95. Kd6 g5 96. e6 Kf6 97. Nb4 Re1 98. Nd5+ Kg7 99. e7 g4 100. Nc7 g3 101. e8=Q Rxe8 102. Nxe8+ Kf8 103. Nc7 g2 104. Ne6+ Ke8 105. Bb5+ Kf7 106. Ng5+ Kf6 107. Nf3 Kf5 108. Nh4+ 1-0

[Event "FIDE World Rapid-ch Open 2018"]
[White "Tregubov, Pavel V."]
[Black "Maghsoodloo, Parham"]
[Site "St. Petersburg"]
[Round "15.57"]
[Annotator "ChessBase"]
[Result "1-0"]
[Date "2018.12.28"]
[WhiteElo "2592"]
[BlackElo "2688"]
[PlyCount "129"]
[TimeControl "900+10"]

1. d4 g6 2. c4 Bg7 3. Nf3 e6 4. g3 Ne7 5. Bg2 0-0 6. 0-0 d5 7. Bf4 Nbc6 8. Na3 a6 9. Rc1 h6 10. h4 dxc4 11. Nxc4 Nd5 12. Bd2 Nde7 13. e3 Nf5 14. Qe2 Qe7 15. Nfe5 Nxe5 16. Nxe5 c6 17. Ba5 Kh7 18. Rfd1 Bd7 19. Qe1 Rg8 20. Bb6 Be8 21. Qa5 g5 22. Bc5 Qf6 23. h5 Qd8 24. Qxd8 Rxd8 25. Nc4 Bf8 26. Bb6 Rc8 27. e4 Ng7 28. g4 f5 29. f3 Be7 30. Bc5 Rc7 31. Bb6 Rc8 32. Ne5 Rf8 33. Re1 Bb4 34. Re2 Bd6 35. Rd1 fxe4 36. Rxe4 Kg8 37. Kf2 Be7 38. Bf1 Bf7 39. Bc4 c5 40. Nxf7 cxd4 41. Nxh6+ Kh7 42. Rdxd4 Rc6 43. Rd7 Rxb6 44. Rxe7 Kxh6 45. b3 Rb4 46. Ke3 b5 47. Bxe6 Rxe4+ 48. Kxe4 Rd8 49. Bd7 Rf8 50. Ke3 Rf6 51. Re4 Rb6 52. b4 Rd6 53. Rd4 Rb6 54. Ke4 Rf6 55. a3 Rf4+ 56. Ke3 Rf6 57. Rd5 Rb6 58. Rc5 Rb7 59. Rc6+ Kh7 60. Bc8 Re7+ 61. Kf2 Ne8 62. Bf5+ Kh8 63. Rh6+ Kg8 64. Rxa6 Nc7 65. Rg6+ 1-0

[Event "FIDE World Rapid-ch Open 2018"]
[White "AL-Sayed, Mohammed"]
[Black "Gasanov, Eldar"]
[Site "St. Petersburg"]
[Round "15.58"]
[Annotator "ChessBase"]
[Result "0-1"]
[Date "2018.12.28"]
[WhiteElo "2484"]
[BlackElo "2499"]
[PlyCount "74"]
[TimeControl "900+10"]

1. d4 d6 2. e4 g6 3. Nf3 Nf6 4. Nc3 Bg7 5. Be3 a6 6. a4 0-0 7. Be2 e6 8. Qd2 b6 9. Bg5 Bb7 10. Qf4 Nbd7 11. 0-0-0 Qb8 12. Qh4 c5 13. Bh6 cxd4 14. Rxd4 b5 15. Ng5 Rd8 16. Rhd1 Ne5 17. f4 Nc6 18. e5 Nxd4 19. Rxd4 dxe5 20. Rxd8+ Qxd8 21. fxe5 Nh5 22. Bxg7 Kxg7 23. Qg4 Qb6 24. Nd1 Rd8 25. Qh4 Qd4 26. Nxe6+ fxe6 27. Qe7+ Kh8 28. Bxh5 Qd7 29. Qf6+ Kg8 30. Bg4 Re8 31. Ne3 Qf7 32. Qg5 bxa4 33. Be2 Qe7 34. Qg3 a3 35. Kb1 Qb4 36. Nc4 Bd5 37. Nxa3 Rb8 0-1

[Event "FIDE World Rapid-ch Open 2018"]
[White "Yakubboev, Nodirbek"]
[Black "Hakobyan, Aram"]
[Site "St. Petersburg"]
[Round "15.59"]
[Annotator "ChessBase"]
[Result "1/2-1/2"]
[Date "2018.12.28"]
[WhiteElo "2556"]
[BlackElo "2545"]
[PlyCount "84"]
[TimeControl "900+10"]

1. d4 Nf6 2. Bg5 d5 3. e3 c5 4. Bxf6 gxf6 5. dxc5 e6 6. c4 dxc4 7. Qa4+ Nc6 8. Bxc4 Bxc5 9. Nf3 Qa5+ 10. Nc3 Qxa4 11. Nxa4 Bd6 12. Bb5 Bd7 13. Ke2 Ke7 14. Rac1 a6 15. Bd3 Nb4 16. Nc3 Nxd3 17. Kxd3 Rac8 18. Rhd1 Rhd8 19. Ke2 Bc6 20. g3 b5 21. Nd4 Bb7 22. a3 Be5 23. f4 Bb8 24. Na2 Ba7 25. Rxc8 Rxc8 26. Rc1 Rxc1 27. Nxc1 Be4 28. Ncb3 f5 29. Nd2 Bd5 30. Kd3 f6 31. Kc3 Kd6 32. Kd3 Bb6 33. Kc3 Bg2 34. Kd3 Kd5 35. Nc2 Kd6 36. Nd4 Kd5 37. Nc2 Kd6 38. Nd4 h5 39. N4f3 Kd5 40. Ke2 e5 41. Ne1 Be4 42. Nd3 a5 1/2-1/2